 Dungeon Crawl Stone Soup version 0.18-a0-1266-g3be6530 (webtiles) character file.

63 Psiweapon the Sneak (level 4, -1/26 HPs)
             Began as a Kobold Hunter on Feb 6, 2016.
             Slain by an adder (4 damage)
             ... on level 3 of the Dungeon.
             The game lasted 00:06:18 (1488 turns).

Psiweapon the Sneak (Kobold Hunter)                 Turns: 1488, Time: 00:06:18

Health: -1/26      AC:  3    Str: 15    XL:     4   Next: 30%
Magic:  4/4        EV: 15    Int:  9    God:
Gold:   79         SH:  0    Dex: 22    Spells: 0 memorised, 3 levels left

rFire  . . .     SeeInvis .     a - +1 hand crossbow
rCold  . . .     Gourm    .     c - +0 leather armour
rNeg   . . .     Faith    .     (shield restricted)
rPois  .         Spirit   .     (no helmet)
rElec  .         Dismiss  .     (no cloak)
rCorr  .         Reflect  .     (no gloves)
SustAt .         Harm     .     (no boots)
MR     .....                    (no amulet)
Stlth  +++.......               (no ring)
                                s - +5 ring of dexterity

@: mighty, not resistant to hostile enchantments, fairly stealthy
A: carnivore 3
a: no special abilities


You were on level 3 of the Dungeon.
You were completely stuffed.

You visited 1 branch of the dungeon, and saw 4 of its levels.

You collected 79 gold pieces.

Inventory:

Hand Weapons
 a - a +1 hand crossbow (weapon)
 b - a +0 short sword
 i - a +1 short sword of venom
 m - the +6 quarterstaff "Ogre's Foe" {crush, rC+ Dex+7, unknown}
   (You found it on level 4 of the Dungeon)

   It inflicts extra damage upon your enemies.
   It affects your dexterity (+7).
   It protects you from cold.
 r - a cursed -3 dagger
Missiles
 d - 18 bolts (quivered)
 e - 59 stones
Armour
 c - a +0 leather armour (worn)
Jewellery
 j - an uncursed amulet of the gourmand {unknown}
 l - an uncursed ring of loudness
 s - a +5 ring of dexterity (left hand)
Scrolls
 g - a scroll of noise {unknown}
 n - a scroll of fear {unknown}
 o - a scroll of blinking {unknown}
 t - a scroll of recharging {unknown}
Potions
 h - a potion of brilliance {unknown}
 p - a potion of invisibility {unknown}
 q - a potion of might
Comestibles
 f - 2 meat rations
 k - 3 chunks of flesh


   Skills:
 - Level 2.1 Fighting
 + Level 1.0 Short Blades
 + Level 4.9 Crossbows
 - Level 2.4 Dodging
 - Level 5.1 Stealth


You had 3 spell levels left.
You didn't know any spells.

Dungeon Overview and Level Annotations

Branches:
Dungeon (4/15)
 Temple: D:4-7

Altars:
Ashenzari

Annotations:
D:2 Natasha, Sigmund


Innate Abilities, Weirdness & Mutations

You are small and have problems with some larger weapons.
You are carnivorous and can eat meat at any time.


Message History

The giant cockroach barely misses you.
You climb downwards.
An adder comes into view.
There is a stone staircase leading up here.
Wield which item (- for none, * to show all)? (? for menu, Esc to quit)
a - a +1 hand crossbow (weapon)
The giant cockroach misses you.
Firing (i - inventory. (,) - cycle):
d - 20 bolts (quivered)
Press: ? - help, Shift-Dir - straight line, f - adder
Aim: an adder (resting)
You shoot a bolt. The bolt hits the giant cockroach.
You kill the giant cockroach!
The adder closely misses you.
Firing (i - inventory. (,) - cycle):
d - 19 bolts (quivered)
Press: ? - help, Shift-Dir - straight line, f/p - adder
Aim: an adder You shoot a bolt.
The bolt hits the adder.
The adder is heavily wounded.
The adder bites you.
You die... #.#### #..S@# ######

You could see an adder.

Vanquished Creatures
  An adder (D:2)
  2 oozes
  2 giant geckos (D:1)
  8 bats
  3 giant cockroaches
  5 goblins
  3 hobgoblins
  6 giant newts
  5 kobolds
  8 rats
43 creatures vanquished.

Notes
Turn   | Place    | Note
--------------------------------------------------------------
     0 | D:1      | Psiweapon the Kobold Hunter began the quest for the Orb.
     0 | D:1      | Reached XP level 1. HP: 12/12 MP: 1/1
   109 | D:2      | Reached XP level 2. HP: 14/17 MP: 2/2
   441 | D:1      | Reached XP level 3. HP: 21/21 MP: 3/3
   751 | D:2      | Noticed Natasha
   846 | D:3      | Found a shattered altar of Ashenzari.
   869 | D:4      | Got a polished quarterstaff
  1348 | D:2      | Reached skill level 5 in Stealth
  1348 | D:2      | Reached XP level 4. HP: 21/26 MP: 4/4
  1444 | D:2      | Reached skill level 1 in Short Blades
  1458 | D:2      | Noticed Sigmund
  1488 | D:3      | Slain by an adder

Vault maps used:
D:1:      dpeg_arrival_signposts, minivault_14, minmay_newt_pond
D:2:      grunt_temple_overflow_growth_and_decay, uniq_natasha, uniq_sigmund
D:3:      old_standard_altar, first_bread, dk_noncrumbling_4, lemuel_tele_altar
D:4:      kennysheep_ying_yang, minmay_temple_entry_metal_lava,
          minmay_close_crescents

Action                   |  1- 3 |  4- 6 || total
-------------------------+-------+-------++-------
Melee: Short sword       |    74 |    19 ||    93
 Fire: Hand crossbow     |    11 |     2 ||    13
  Use: Scroll            |     1 |       ||     1
       Potion            |       |     1 ||     1
 Stab: Sleeping          |     8 |     1 ||     9
  Eat: Chunk             |    10 |       ||    10
